 Dungeon Crawl Stone Soup version 0.23.2-33-g5129a83184 (webtiles) character file.

Game seed: 11790469368053724349

56 Mesmaeker13 the Bolt Thrower (level 4, 0/26 HPs)
             Began as a Kobold Hunter on July 22, 2019.
             Slain by an adder (4 damage)
             ... on level 2 of the Dungeon.
             The game lasted 00:01:45 (1989 turns).

Mesmaeker13 the Bolt Thrower (Kobold Hunter)        Turns: 1989, Time: 00:01:46

Health: 0/26       AC:  3    Str:  9    XL:     4   Next: 17%
Magic:  4/4        EV: 15    Int: 12    God:
Gold:   54         SH:  0    Dex: 16    Spells: 3/3 levels left

rFire    . . .     SeeInvis .   b - +0 short sword
rCold    . . .     Gourm    .   (shield restricted)
rNeg     . . .     Faith    .   c - +0 leather armour
rPois    .         Spirit   .   (no helmet)
rElec    .         Reflect  .   (no cloak)
rCorr    .         Harm     .   (no gloves)
MR       .....                  (no boots)
Stlth    ++........             (no amulet)
HPRegen  0.08/turn              (no ring)
MPRegen  0.09/turn              (no ring)

@: lethally poisoned (0 -> -6)
A: small, carnivore
a: no special abilities


You were on level 2 of the Dungeon.
You were completely stuffed.

You visited 1 branch of the dungeon, and saw 2 of its levels.

You collected 54 gold pieces.

Inventory:

Hand Weapons
 a - a +1 hand crossbow
 b - a +0 short sword (weapon)
Missiles
 d - 5 bolts
Armour
 c - a +0 leather armour (worn)
Scrolls
 e - a scroll of random uselessness {unknown}
 g - a scroll of identify {unknown}
 i - a scroll of amnesia {unknown}
 j - a scroll of teleportation
Potions
 h - a potion of ambrosia {unknown}
 k - a potion of curing {unknown}
Comestibles
 f - a ration
 l - a chunk of flesh


   Skills:
 - Level 2.2 Fighting
 + Level 2.0 Short Blades
 + Level 5.3 Crossbows
 + Level 3.2 Dodging
 + Level 2.9 Stealth


You had 3 spell levels left.
You didn't know any spells.
Your spell library was empty.

Dungeon Overview and Level Annotations

Branches:
Dungeon (2/15)

Altars:


Innate Abilities, Weirdness & Mutations

You are small and have problems with some larger weapons.
You are carnivorous and can eat meat at any time.


Message History

You feel sick. The adder completely misses you.
You barely miss the adder.
* * * LOW HITPOINT WARNING * * *
You feel sick. The adder misses you. The adder closely misses you.
You closely miss the adder. The adder bites you but does no damage.
You barely miss the adder.
* * * LOW HITPOINT WARNING * * *
You feel sick. The adder misses you.
You hit the adder.
The adder is lightly wounded.
* * * LOW HITPOINT WARNING * * *
You feel sick. The adder barely misses you. The adder completely misses you.
You hit the adder.
The adder is moderately wounded.
The adder closely misses you.
You miss the adder.
The adder is moderately wounded.
* * * LOW HITPOINT WARNING * * *
You feel sick. The adder bites you.
You die...

.# .# ##. ### ... ..# # #(#
#[# ### ... #S# #.# #..
..?..###.# #.# ########.#
...(...(.###.######.(....#.#
##...#>#()S@........####.#.#
#. #g#####.######## #.#.# #.
#.# #.#.# .% #.# #.#.# .#
#.# #.#.# .. #.# ####†... ##
..# #..).... ### #.####.#
########......#


You could see an adder.

Vanquished Creatures
  A gnoll (D:1)
  2 adders (D:2)
  A dart slug (D:1)
  3 bats (D:1)
  2 giant cockroaches
  A goblin (D:1)
  5 hobgoblins
  4 jackals (D:1)
  A ball python (D:2)
  A frilled lizard (D:1)
  A kobold (D:1)
  2 rats (D:2)
24 creatures vanquished.

Notes
Turn   | Place    | Note
-------+----------+-------------------------------------------
     0 | D:1      | Mesmaeker13 the Kobold Hunter began the quest for the Orb.
     0 | D:1      | Reached XP level 1. HP: 12/12 MP: 1/1
   292 | D:1      | Reached XP level 2. HP: 17/17 MP: 2/2
   516 | D:1      | Reached skill level 5 in Crossbows
   808 | D:1      | Reached skill level 1 in Short Blades
   949 | D:1      | Reached XP level 3. HP: 17/21 MP: 3/3
  1810 | D:2      | Reached XP level 4. HP: 26/26 MP: 4/4
  1989 | D:2      | Slain by an adder

Skill      XL: |  1  2  3  4 |
---------------+-------------+-----
Crossbows      | 5 |  5.3
Stealth        | 2 |  2.9
Short Blades   | 1 2 |  2.0
Dodging        | 3 |  3.2
Fighting       | |  2.2

Action                   |  1- 3 |  4- 6 || total
-------------------------+-------+-------++-------
Melee: Short sword       |    29 |    21 ||    50
 Fire: Hand crossbow     |    32 |    13 ||    45
  Use: Scroll            |     1 |       ||     1
 Stab: Sleeping          |     2 |       ||     2
  Eat: Chunk             |    11 |     1 ||    12
Armor: Leather armour    |    10 |     7 ||    17
Dodge: Dodged            |    41 |    23 ||    64
